 Dungeon Crawl Stone Soup version 0.28-a0-1518-gbe868bca14 (webtiles) character file.

Game seed: 1532912067084219053

1749 Crownlay the Carver (level 8, -7/74 HPs)
             Began as a Minotaur Gladiator on Jan 16, 2022.
             Was an Initiate of Okawaru.
             Mangled by an orc warrior (14 damage)
             ... on level 6 of the Dungeon.
             The game lasted 00:13:01 (7307 turns).

Crownlay the Carver (Minotaur Gladiator)            Turns: 7307, Time: 00:13:01

Health: -7/74      AC: 11    Str: 21    XL:     8   Next: 78%
Magic:  7/7        EV: 10    Int: 11    God:    Okawaru [......]
Gold:   182        SH:  5    Dex: 12    Spells: 7/7 levels left

rFire   . . .      SeeInvis .   x - +2 trident (vorpal)
rCold   . . .      Faith    .   o - +0 buckler
rNeg    . . .      Spirit   .   A - +0 scale mail
rPois   .          Reflect  .   c - +0 hat
rElec   .          Harm     .   (no cloak)
rCorr   .          Rampage  .   h - +0 pair of gloves
Will    .....                   (no boots)
Stlth   ..........              (no amulet)
HPRegen 0.22/turn               y - +4 ring of protection
MPRegen 0.10/turn               z - +6 ring of intelligence

@: mighty
A: horns 2, retaliatory headbutt
a: Renounce Religion


You were on level 6 of the Dungeon.
You worshipped Okawaru.
Okawaru was noncommittal.
You visited 2 branches of the dungeon, and saw 7 of its levels.

You collected 182 gold pieces.

Inventory:

Hand Weapons
 x - a +2 vorpal trident (weapon)
 B - a +2 long sword
Missiles
 d - 3 throwing nets (quivered)
 k - 9 atropa-tipped darts
Armour
 c - a +0 hat (worn)
 h - a +0 pair of gloves (worn)
 o - a +0 buckler (worn)
 A - a +0 scale mail (worn)
Jewellery
 b - an amulet of the acrobat
 y - a +4 ring of protection (left hand)
 z - a +6 ring of intelligence (right hand)
Scrolls
 f - 2 scrolls of blinking
 i - 4 scrolls of noise
 j - 3 scrolls of fog
 l - a scroll of enchant armour {unknown}
 q - a scroll of magic mapping
 r - a scroll of vulnerability {unknown}
 t - a scroll of teleportation {unknown}
 v - a scroll of torment {unknown}
Potions
 a - a potion of curing {unknown}
 e - 2 potions of heal wounds {unknown}
 s - 2 potions of ambrosia
 u - 2 potions of magic
 w - a potion of berserk rage {unknown}


   Skills:
 + Level 7.7 Fighting
 * Level 11.0 Long Blades
 - Level 2.0 Throwing
 - Level 3.2 Dodging
 - Level 4.0 Shields
 + Level 1.0 Invocations


You had 7 spell levels left.
You didn't know any spells.
Your spell library contained the following spells:

 Spells                   Type           Power      Damage    Failure   Level
 Beastly Appendage        Tmut           0%         N/A       80%         1
 Corpse Rot               Necr/Air       0%         N/A       90%         2
 Poisonous Vapours        Pois/Air       0%         N/A       90%         2
 Wereblood                Tmut           0%         N/A       90%         2
 Confusing Touch          Hex            0%         N/A       99%         3
 Spider Form              Tmut/Pois      0%         N/A       99%         3
 Yara's Violent Unravell  Hex/Tmut       0%         3d3       100%        5
 Enfeeble                 Hex            0%         N/A       100%        7


Dungeon Overview and Level Annotations

Branches:
Dungeon (6/15)             Temple (1/1) D:6

Altars:
Cheibriados
Fedhas
Hepliaklqana
Kikubaaqudgha
Nemelex Xobeh
Okawaru
Qazlal
Ru
Sif Muna
Trog
Uskayaw
Vehumet
Wu Jian
Xom
The Shining One

Shops:
D:6 (


Innate Abilities, Weirdness & Mutations

You have a pair of horns on your head.
You reflexively headbutt those who attack you in melee.


Message History

You hit the orc warrior but do no damage.
The orc warrior is moderately wounded.
The orc warrior hits you but does no damage.
You hit the orc warrior.
You headbutt the orc warrior, but do no damage.
The orc warrior is moderately wounded.
The orc warrior hits you with a +0 scimitar!!
* * * LOW HITPOINT WARNING * * *
The orc warrior misses you.
You are too injured to fight recklessly!
The orc warrior hits you with a +0 scimitar!
* * * LOW HITPOINT WARNING * * *
There is an open door here.
You feel very mighty all of a sudden.
The orc warrior hits you with a +0 scimitar.
* * * LOW HITPOINT WARNING * * *
You closely miss the orc warrior.
The orc warrior is moderately wounded.
You block the orc warrior's attack.
You barely miss the orc warrior.
The orc warrior is moderately wounded.
The orc warrior barely misses you.
You hit the orc warrior but do no damage.
You headbutt the orc warrior!
The orc warrior is severely wounded.
The orc warrior hits you with a +0 scimitar.
* * * LOW HITPOINT WARNING * * *
You block the orc warrior's attack.
Okay, then.
You closely miss the orc warrior. You headbutt the orc warrior.
The orc warrior is almost dead.
The orc warrior hits you but does no damage.
You closely miss the orc warrior.
The orc warrior is almost dead.
You block the orc warrior's attack.
You barely miss the orc warrior.
The orc warrior is almost dead.
You block the orc warrior's attack.
The orc warrior hits you with a +0 scimitar!
You die...

#.#........###.## ##.
#.########## #.# ####
#.# #.# #... #.###
##+## #.## #...#
##...## #.## ###.##
##.....## #.## #.<##
##.......###.##
##...####g........##...
#.....@ogg........'....
##...####Z........####.
#..## ##.......## ##
#.## ##.Z...## # #..#
##)..## #.## ##)## #.
#.# #. #.. #..#


You could see an orc warrior, 3 gnolls and a bullfrog skeleton.

Vanquished Creatures
  Eustachio (D:4)
  2 sky beasts
  A hornet zombie (D:5)
  2 centaurs
  Blork the orc (D:4)
  2 scorpions (D:5)
  4 wights (D:5)
  5 jellies
  2 hounds (D:5)
  2 orc priests (D:4)
  2 centaur skeletons
  2 gnoll shamans (D:6)
  3 bullfrog skeletons
  An iguana (D:5)
  6 orc wizards
  7 adders
  5 gnolls (D:6)
  A howler monkey skeleton (D:6)
  2 dart slugs
  11 orcs
  3 ball pythons (D:1)
  7 bats
  5 endoplasms
  2 giant cockroaches (D:4)
  6 goblins
  5 hobgoblins
  3 jackals (D:5)
  7 kobolds
  2 quokkas
  6 frilled lizards
  6 rats
  2 bushes (D:1)
116 creatures vanquished.

Vanquished Creatures (others)
  8 plants (D:1)
8 creatures vanquished.

Grand Total: 124 creatures vanquished

Notes
Turn   | Place    | Note
-------+----------+-------------------------------------------
     0 | D:1      | Crownlay the Minotaur Gladiator began the quest for the
                  | Orb.
     0 | D:1      | Reached XP level 1. HP: 18/18 MP: 0/0
    28 | D:1      | Reached skill level 4 in Long Blades
   242 | D:1      | Reached XP level 2. HP: 25/25 MP: 1/1
  1176 | D:1      | Reached XP level 3. HP: 15/31 MP: 2/2
  1745 | D:2      | Found a faded altar of an unknown god.
  2542 | D:3      | Reached skill level 5 in Long Blades
  2773 | D:3      | Found a blossoming altar of Fedhas.
  3153 | D:3      | Reached XP level 4. HP: 35/38 MP: 3/3
  3364 | D:4      | Reached skill level 6 in Long Blades
  3487 | D:4      | Reached XP level 5. HP: 46/46 MP: 4/4
  3488 | D:4      | Noticed Blork the orc
  3498 | D:4      | Killed Blork the orc
  3865 | D:4      | Reached skill level 7 in Long Blades
  3865 | D:4      | Reached XP level 6. HP: 53/53 MP: 5/5
  3909 | D:4      | Reached skill level 5 in Fighting
  3924 | D:4      | HP: 1/56 [something (2)]
  4230 | D:4      | Upgraded the game from 0.28-a0-1510-gd0f6b136d3 to
                  | 0.28-a0-1518-gbe868bca14
  4260 | D:4      | Noticed Eustachio
  4280 | D:4      | Killed Eustachio
  4281 | D:4      | Reached skill level 8 in Long Blades
  4703 | D:5      | Entered Level 5 of the Dungeon
  4710 | D:5      | Reached XP level 7. HP: 52/61 MP: 6/6
  4727 | D:5      | HP: 3/62 [poisoned by a scorpion]
  5105 | D:5      | Reached skill level 9 in Long Blades
  5456 | D:4      | Reached skill level 1 in Shields
  5799 | D:5      | Reached XP level 8. HP: 34/71 MP: 7/7
  6192 | D:5      | Reached skill level 10 in Long Blades
  6221 | D:5      | Found a blossoming altar of Fedhas.
  6889 | D:6      | Found Fomimoiff's Weapon Shop.
  6945 | D:6      | Found a staircase to the Ecumenical Temple.
  6965 | Temple   | Entered the Ecumenical Temple
  7042 | Temple   | Became a worshipper of Warmaster Okawaru
  7274 | D:6      | Reached skill level 11 in Long Blades
  7286 | D:6      | Reached skill level 1 in Invocations
  7307 | D:6      | Mangled by an orc warrior

Illustrated notes

Levels and vault maps discovered:
D:1:      sevenhm_arrival_forest_fort_small_6, layout_basic,
          lexackson_kobold_supper
D:2:      layout_basic, hellmonk_ecumenical_altar_leap_of_faith
D:3:      layout_basic, serial_glass, glass_columns_b, glass_columns_b,
          kennysheep_flooded_box
D:4:      layout_rooms, uniq_blork_the_orc, uniq_eustachio
D:5:      cheibrodos_iron_armory, layout_cave_pools,
          mainiacjoe_overflow_24_doors, kennysheep_generic_room_13
D:6:      layout_loops_corners, minmay_temple_entry_waves, serial_shops,
          shop_fountains
Temple:   compressed_dpeg_circular_temple

Skill      XL: |  1  2  3  4  5  6  7  8 |
---------------+-------------------------+-----
Long Blades    | 4 5 6 7 8 9 11 | 11.0
Fighting       | 3 4 5 6 7 |  7.7
Shields        | 1 4 |  4.0
Invocations    | 1 |  1.0
Throwing       | |  2.0
Dodging        | |  3.2

Action                   |  1- 3 |  4- 6 |  7- 9 || total
-------------------------+-------+-------+-------++-------
Melee: Long sword        |   207 |    24 |       ||   231
       Headbutt          |    63 |     9 |    27 ||    99
       Punch             |     6 |     2 |       ||     8
       Trident           |       |    42 |   180 ||   222
 Fire: Hunting sling     |    49 |    19 |       ||    68
  Use: Potion            |       |       |     3 ||     3
       Scroll            |       |       |     5 ||     5
Armor: Leather armour    |    39 |    19 |       ||    58
       Scale mail        |       |       |   137 ||   137
Dodge: Dodged            |    71 |    28 |    89 ||   188
Block: Buckler           |       |       |    20 ||    20

Table legend: (Time is in decaauts)
 A = Elapsed time spent in this place.
 B = Non-inter-level travel time spent in this place.
 C = Inter-level travel time spent in this place.
 D = Time resting spent in this place.
 E = Time spent auto-exploring this place.
 F = Levels seen in this place.
 G = Mean time per level.
                   A        B        C        D        E       F      G
               +--------+--------+--------+--------+--------+-----+--------+
         Total |   7421 |   7038 |    383 |      0 |   5878 |   7 | 1060.1 |
       Dungeon |   7332 |   6949 |    383 |      0 |   5817 |   6 | 1222.0 |
        Temple |     88 |     88 |      0 |      0 |     61 |   1 |   88.0 |
               +--------+--------+--------+--------+--------+-----+--------+

Top non-repeatable levels by time:
     D:4: 2067 daAuts
     D:1: 1779 daAuts
     D:5: 1315 daAuts
     D:3: 838 daAuts
     D:2: 738 daAuts
     D:6: 592 daAuts
  Temple: 88 daAuts
